[Event "*** Titled Tuesday Blitz"]
[Site "Chess.com"]
[Date "2019.11.05"]
[Round "8"]
[White "MFBerna"]
[Black "Nazar-Nazar"]
[Result "1/2-1/2"]
[WhiteElo "2320"]
[BlackElo "2491"]
[TimeControl "180+2"]
[EndTime "14:53:41 PST"]
[Termination "Game drawn by repetition"]

1. e4 c6 2. Nf3 d5 3. Nc3 Bg4 4. h3 Bxf3 5. Qxf3 Nf6 6. exd5 cxd5 7. d4 Nc6 8. Bb5 Rc8 9. O-O e6 10. Bg5 Be7 11. Rfe1 O-O 12. Bxc6 Rxc6 13. Re2 Qb6 14. Na4 Qxd4 15. Nc3 Qb4 16. Rae1 Qxb2 17. Nd1 Qa3 18.
Re3 Qxa2 19. Re5 Qa3 20. Ne3 d4 21. Nf5 exf5 22. Rxe7 Qxf3 23. gxf3 Rxc2 24. Bxf6 gxf6 25. Rxb7 Ra2 26. Rd7 Ra4 27. Ree7 Kg7 28. Kg2 Kg6 29. Kg3 Kg5 30. h4+ Kg6 31. Kf4 d3+ 32. Ke3 Rxh4 33.
Rxa7 Rh3 34. Rad7 Kg5 35. Rxf7 Rxf7 36. Rxf7 f4+ 37. Kxd3 Rxf3+ 38. Ke2 Rh3 39. Rg7+ Kf5 40.
Ra7 h5 41. Kf1 f3 42. Ra5+ Kg6 43. Kg1 Rh4 44. Ra3 Rh3 45. Ra4 Kg5 46. Ra8 Rh4 47. Ra3 Rh3 48. Ra8 Kf5 49. Ra4 Kg5 50. Ra8 1/2-1/2

[Event "*** Titled Tuesday Blitz"]
[Site "Chess.com"]
[Date "2019.11.05"]
[Round "8"]
[White "wild_cat99"]
[Black "isla88"]
[Result "0-1"]
[WhiteElo "2371"]
[BlackElo "2194"]
[TimeControl "180+2"]
[EndTime "14:53:43 PST"]
[Termination "isla88 won by checkmate"]

1. d4 Nf6 2. c4 e5 3. dxe5 Ng4 4. Nf3 Bc5 5. e3 Nc6 6. Be2 O-O 7. O-O Re8 8. Nc3 Ngxe5 9. Nxe5 Nxe5 10. Ne4 Bf8 11. Qc2 a5 12. Bd2 Ra6 13. Bc3 Rh6 14. Ng3 Qh4 15. h3 d5 16. Nf5 Bxf5 17. Qxf5 Nxc4 18. Qxd5 Nd6 19. Qxa5 Ne4 20. Qxc7 Bd6 21. Qc4 Rg6 22.
Qb5 Ree6 23. Qf5 Rg5 24. Qf3 Reg6 25. g4 h5 26. Qxe4 hxg4 27. f4 gxf3+ 28. Kh1 Qxh3# 0-1

[Event "*** Titled Tuesday Blitz"]
[Site "Chess.com"]
[Date "2019.11.05"]
[Round "8"]
[White "Bigfish1995"]
[Black "justantan"]
[Result "1-0"]
[WhiteElo "3022"]
[BlackElo "2853"]
[TimeControl "180+2"]
[EndTime "14:53:44 PST"]
[Termination "Bigfish1995 won by resignation"]

1. d4 Nf6 2. c4 e6 3. Nf3 d5 4.
Nc3 dxc4 5. e4 Bb4 6. Bxc4 Nxe4 7. O-O Nxc3 8. bxc3 Be7 9. Ne5 O-O 10. Qg4 Nc6 11. Bf4 Bf6 12. Nxc6 bxc6 13. Qg3 Bh4 14. Qe3 a5 15.
Rab1 Ba6 16. Bxa6 Rxa6 17. Rb7 Qd5 18. Qe2 Rb6 19. Rxc7 Ra8 20. c4 Qf5 21. Be5 Bd8 22. Rd7 f6 23. g4 Qg6 24. Bg3 Qe8 25. Rd6 e5 26. dxe5 fxe5 27. c5 Rb4 28. a3 Ra4 29. Rfd1 Bf6 30. Qf3 Rb8 31. Rxc6 Rxg4 32. Rxf6 h5 33. Rf5 Qg6 34. Rd6 Rb1+ 35. Kg2 e4 36. Qxe4 Qxd6 37. Qe8+ 1-0

[Event "*** Titled Tuesday Blitz"]
[Site "Chess.com"]
[Date "2019.11.05"]
[Round "8"]
[White "DinaBelenkaya"]
[Black "LimeInTheCoconut"]
[Result "1-0"]
[WhiteElo "2345"]
[BlackElo "2458"]
[TimeControl "180+2"]
[EndTime "14:53:44 PST"]
[Termination "DinaBelenkaya won by resignation"]

1. e4 c5 2. Nc3 Nc6 3. g3 g6 4.
Bg2 Bg7 5. d3 d6 6. Nge2 e6 7.
O-O Nge7 8. Bg5 h6 9. Be3 Nd4 10. Qd2 Nec6 11. Rae1 h5 12. Nd1 Nxe2+ 13. Rxe2 h4 14.
c3 hxg3 15. fxg3 Ne5 16. Ref2 f6 17. h3 Qe7 18. Qe2 Bd7 19. d4 cxd4 20. cxd4 Nc6 21. Nc3 O-O-O 22. d5 Ne5 23. Bxa7 f5 24. Rc1 Bh6 25.
Rc2 Rdf8 26. dxe6 Bc6 27. exf5 Rxf5 28. Nb5 Rxf2 29. Bxf2 Qxe6 30. Na7+ Kd7 31. Nxc6 bxc6 32. Bxc6+ Ke7 33. Bg2 Qxa2 34. Rc7+ Kd8 35. Qc2 Qa6 36. Bb7 Qd3 37. Rc8+ Kd7 38. Qxd3 Nxd3 39. Rxh8 1-0

[Event "*** Titled Tuesday Blitz"]
[Site "Chess.com"]
[Date "2019.11.05"]
[Round "8"]
[White "GelmanAlexander"]
[Black "BlueWizzard"]
[Result "0-1"]
[WhiteElo "2528"]
[BlackElo "2824"]
[TimeControl "180+2"]
[EndTime "14:53:45 PST"]
[Termination "BlueWizzard won by resignation"]

1. e4 a6 2. d4 d6 3. Nc3 b5 4. f4 Bb7 5. Bd3 c5 6. Nf3 c4 7. Be2 b4 8. Nd5 e6 9. Ne3 Bxe4 10.
Nxc4 Nf6 11. O-O Be7 12. Ng5 Bg6 13. h4 h6 14. h5 Bf5 15. g4 Nxg4 16. Nxf7 Kxf7 17.
Bxg4 Nd7 18. d5 Bxg4 19. Qxg4 exd5 20. Qg6+ Kf8 21. Nxd6 Qb6+ 22. Be3 Qxd6 23. Qf5+ Kg8 24. Bd4 Rf8 25. Qg4 Bf6 26. Rad1 Rf7 27. Bxf6 Rxf6 28. Rde1 Kh7 29. f5 Ne5 30. Qg3 Re8 31. Re2 d4 32. Rfe1 Rxf5 33. Rxe5 Rexe5 34. Rxe5 Rxe5 0-1

[Event "*** Titled Tuesday Blitz"]
[Site "Chess.com"]
[Date "2019.11.05"]
[Round "8"]
[White "irregularity"]
[Black "Svet99"]
[Result "1/2-1/2"]
[WhiteElo "2409"]
[BlackElo "2146"]
[TimeControl "180+2"]
[EndTime "14:53:45 PST"]
[Termination "Game drawn by repetition"]

1. Nc3 e5 2. e4 Nc6 3. f4 d6 4. Nf3 exf4 5. Bc4 Be6 6. Bd5 Nf6 7. d4 Bxd5 8. exd5 Ne7 9. Qe2 Qd7 10. Bxf4 O-O-O 11. Qc4 Kb8 12. O-O-O g6 13. Rhf1 Bg7 14. Kb1 Nc8 15.
a4 Rde8 16. a5 Ne4 17. Na2 a6 18. Nb4 Na7 19. Ng5 h6 20. Nxe4 Rxe4 21. Rf3 Rhe8 22. Bg3 Nb5 23. Rb3 Bxd4 24. Nxa6+ bxa6 25. Rxd4 Rxd4 26. Qxd4 Ka8 27. Qd3 f5 28. c4 Na7 29. c5 dxc5 30. Qxa6 Qxd5 31. Rd3 Qe4 32. Ka2 Qa4+ 33. Kb1 c4 34.
Rd2 c3 35. bxc3 Rb8+ 36. Rb2 Qd1+ 37. Ka2 Qa4+ 38. Kb1 Qd1+ 39. Ka2 Qa4+ 40. Kb1 1/2-1/2

[Event "*** Titled Tuesday Blitz"]
[Site "Chess.com"]
[Date "2019.11.05"]
[Round "8"]
[White "tteshan"]
[Black "Galileo22"]
[Result "1-0"]
[WhiteElo "2314"]
[BlackElo "2404"]
[TimeControl "180+2"]
[EndTime "14:53:47 PST"]
[Termination "tteshan won by resignation"]

1. d4 f5 2. c4 Nf6 3. Nc3 e6 4. g3 g6 5. Bg2 Bg7 6. h4 O-O 7. Bg5 h6 8. Bf4 d6 9. Qd2 Kh7 10. Nf3 Ng4 11. e4 Na6 12. O-O-O Qe8 13. e5 c5 14. Nb5 cxd4 15. Nxd6 Qa4 16. Kb1 Bd7 17. Nxd4 Nxe5 18. Bxb7 Rab8 19. b3 Qa3 20. Nc2 Qc5 21.
Bxa6 Rb6 22. Bb5 Bxb5 23. Nxb5 Nf3 24. Qe3 Qxe3 25. Bxe3 Ra6 26. Nb4 Ra5 27. Rd7 a6 28. Nc6 Rxb5 29. cxb5 axb5 30. Nd4 Ne5 31. Rb7 Re8 32.
Rc1 1-0

[Event "*** Titled Tuesday Blitz"]
[Site "Chess.com"]
[Date "2019.11.05"]
[Round "8"]
[White "chito89"]
[Black "TregubovP"]
[Result "1-0"]
[WhiteElo "2755"]
[BlackElo "2568"]
[TimeControl "180+2"]
[EndTime "14:53:50 PST"]
[Termination "chito89 won by resignation"]

1. Nf3 c5 2. c4 Nc6 3. Nc3 Nf6 4. d4 cxd4 5. Nxd4 Qb6 6. e3 e6 7. Be2 Be7 8. O-O O-O 9. b3 d5 10. Na4 Qd8 11. Bb2 Bd7 12. cxd5 Nxd5 13. Rc1 Bf6 14.
Nc5 Nxd4 15. Bxd4 Bc6 16. Bf3 Rc8 17. Bxf6 Qxf6 18. Qd2 Rfd8 19. Rfd1 Nb6 20. Qe2 Bxf3 21. Rxd8+ Rxd8 22. Qxf3 Qxf3 23. gxf3 Rd2 24. a4 g5 25. Ne4 Rb2 26. Rc7 h6 27. Rxb7 Nxa4 28. Rxa7 Nb6 29.
Nd6 Rxb3 30. Nxf7 Kg7 31. Nxg5+ Kf6 32. Ne4+ Ke5 33. Rh7 Nd5 34. Rxh6 1-0

[Event "*** Titled Tuesday Blitz"]
[Site "Chess.com"]
[Date "2019.11.05"]
[Round "8"]
[White "vladimirdamjanovic"]
[Black "SCIM"]
[Result "0-1"]
[WhiteElo "2589"]
[BlackElo "2502"]
[TimeControl "180+2"]
[EndTime "14:53:50 PST"]
[Termination "SCIM won on time"]

1. e4 c5 2. Nf3 e6 3. b3 b6 4. Bb2 Bb7 5. Nc3 a6 6. d4 cxd4 7. Nxd4 Nf6 8. e5 Nd5 9. Ne4 Qc7 10. Nd6+ Bxd6 11. exd6 Qxd6 12. Qd2 O-O 13. O-O-O Qf4 14.
Bc4 Qxd2+ 15. Rxd2 Nf4 16. f3 b5 17. Bf1 Nc6 18. Ne2 Nxe2+ 19. Bxe2 d5 20. f4 b4 21. Bf3 Ne7 22. Re1 a5 23. a3 Rfc8 24. axb4 axb4 25. Kb1 Ba6 26. g4 Kf8 27. f5 exf5 28.
Bxg7+ Kxg7 29. Rxe7 Re8 30. Rxe8 Rxe8 31. gxf5 Re5 32.
Bxd5 Rxf5 33. Rd4 h5 34. h4 Bc8 35. Bc6 Rc5 0-1

[Event "*** Titled Tuesday Blitz"]
[Site "Chess.com"]
[Date "2019.11.05"]
[Round "8"]
[White "Ceejay271"]
[Black "cool4chess"]
[Result "0-1"]
[WhiteElo "2364"]
[BlackElo "2570"]
[TimeControl "180+2"]
[EndTime "14:53:54 PST"]
[Termination "cool4chess won by resignation"]

1. d4 d5 2. c4 c6 3. cxd5 cxd5 4. Nc3 Nf6 5. Bf4 Nc6 6. e3 Bf5 7. Nf3 e6 8. Bb5 Bb4 9. Ne5 Qa5 10. O-O Bxc3 11. Bxc6+ bxc6 12. bxc3 Rc8 13. c4 O-O 14. c5 Ne4 15. g4 f6 16. Nd7 Rf7 17. gxf5 Rxd7 18.
fxe6 Re7 19. f3 Nc3 20. Qd2 Qa3 21. Rfc1 Nb5 22. Rab1 Rxe6 23. Rb3 Qa6 24. Kf2 Na3 25. Qe2 Nc4 26. Rcb1 Rce8 27. Rb8 g5 28. Rxe8+ Rxe8 29. Bg3 Rxe3 30. Rb8+ Kg7 31. Qc2 Ra3 32. Qf5 Rxa2+ 33. Kg1 Ra1+ 34. Kg2 Ne3+ 35. Kh3 Nxf5 0-1

[Event "*** Titled Tuesday Blitz"]
[Site "Chess.com"]
[Date "2019.11.05"]
[Round "8"]
[White "Kimster98"]
[Black "kinga2008"]
[Result "1-0"]
[WhiteElo "2550"]
[BlackElo "1966"]
[TimeControl "180+2"]
[EndTime "14:53:54 PST"]
[Termination "Kimster98 won on time"]

1. Nf3 d5 2. d4 g6 3. c4 Bg7 4. cxd5 Qxd5 5. Nc3 Qd8 6. e4 Bg4 7. Be3 e6 8. Be2 a6 9. O-O Nc6 10. d5 exd5 11. exd5 Nce7 12. Qb3 Qc8 13. h3 Bd7 14.
Ng5 h6 15. Nge4 Nf5 16. Bg4 Nge7 17. Nc5 O-O 18. Qxb7 Qxb7 19. Nxb7 Nxe3 20. fxe3 Bxg4 21. hxg4 Rfb8 22. Nc5 Rxb2 23. Rac1 Bxc3 24. Rxc3 Nxd5 25. Rd3 Nb6 26. a4 Rc2 27. Ne4 Rc4 28. Nf6+ Kg7 29. a5 Na4 30. Rd7 Nc5 31. Rxc7 Rc3 32. Nd5 1-0

[Event "*** Titled Tuesday Blitz"]
[Site "Chess.com"]
[Date "2019.11.05"]
[Round "8"]
[White "albano87"]
[Black "Hadza_3"]
[Result "1-0"]
[WhiteElo "2038"]
[BlackElo "2381"]
[TimeControl "180+2"]
[EndTime "14:54:00 PST"]
[Termination "albano87 won by resignation"]

1. d4 Nf6 2. Nf3 g6 3. g3 Bg7 4. Bg2 d6 5. O-O c6 6. a4 Qa5 7. Nc3 Qh5 8. e4 Bg4 9. Qd3 O-O 10. a5 Nbd7 11. a6 b6 12. Bf4 e5 13. dxe5 dxe5 14.
Bd2 Rad8 15. Qe2 Nc5 16. b4 Ne6 17. Qe3 Nd4 18. Ne1 Ne2+ 19. Kh1 Nxc3 20. Bxc3 Be2 21.
Bf3 Ng4 22. Bxg4 Bxg4 23. f3 Bh3 24. Rf2 f5 25. exf5 gxf5 26. Bxe5 Bxe5 27. Qxe5 Rfe8 28. Qc7 Qh6 29. Nd3 Qe3 30. Qxc6 Kg7 31. Qc3+ Kg6 32. Qd2 Qxd2 33. Rxd2 Kf6 34. Kg1 h5 35. Kf2 h4 36.
Rad1 hxg3+ 37. hxg3 f4 38. Nxf4 Rxd2+ 39. Rxd2 Bf5 40.
Rd6+ Ke5 41. Rd5+ Kf6 42. c4 Rh8 43. g4 Bc2 44. g5+ Ke7 45. Rd2 Bb3 46. Ng6+ Ke6 1-0

[Event "*** Titled Tuesday Blitz"]
[Site "Chess.com"]
[Date "2019.11.05"]
[Round "8"]
[White "Msb2"]
[Black "GHANDEEVAM2003"]
[Result "1-0"]
[WhiteElo "2855"]
[BlackElo "2988"]
[TimeControl "180+2"]
[EndTime "14:54:01 PST"]
[Termination "Msb2 won by resignation"]

1. d4 Nf6 2. c4 g6 3. Nc3 Bg7 4. e4 d6 5. Nf3 O-O 6. Be2 e5 7. O-O Na6 8. Be3 Ng4 9. Bg5 Qe8 10. dxe5 dxe5 11. h3 h6 12. Bd2 Nf6 13. Be3 Qe7 14. a3 c6 15. b4 Nh5 16. c5 Rd8 17. Qc1 Kh7 18. Bxa6 bxa6 19. Rd1 Be6 20. Qc2 Nf4 21. Bxf4 exf4 22. e5 Bf5 23. Qe2 f6 24. Nd4 fxe5 25. Nxc6 Rxd1+ 26. Rxd1 Qe8 27. Rd6 e4 28. Nd5 f3 29.
Qe3 Qf7 30. Nd4 Be5 31. Nxf5 Qxf5 32. Ne7 Qh5 33. Rd7 Bg7 34. Qxe4 Rf8 35. Rd5 1-0

[Event "*** Titled Tuesday Blitz"]
[Site "Chess.com"]
[Date "2019.11.05"]
[Round "8"]
[White "GrandGlacier"]
[Black "przemekpiotrowski"]
[Result "1-0"]
[WhiteElo "2526"]
[BlackElo "2415"]
[TimeControl "180+2"]
[EndTime "14:54:04 PST"]
[Termination "GrandGlacier won by resignation"]

1. e4 c5 2. Nf3 d6 3. d4 cxd4 4. Nxd4 Nf6 5. Nc3 Nc6 6. Bg5 e6 7. Qd2 a6 8. O-O-O Bd7 9. f4 b5 10. Bxf6 gxf6 11. Nxc6 Bxc6 12. Qe3 Bh6 13. Kb1 Qc7 14. Nd5 Bxd5 15. exd5 e5 16. g3 O-O 17. Bd3 f5 18. Bxf5 Rae8 19. Qd3 Kg7 20. Bxh7 Qc4 21.
Rdf1 e4 22. Qxc4 bxc4 23. Bf5 Kf6 24. g4 e3 25. Bd7 e2 26. g5+ Ke7 27. Bxe8 exf1=Q+ 28. Rxf1 Kxe8 29. gxh6 Rh8 30. Re1+ Kd7 31. Re4 Rxh6 32.
Rxc4 Rxh2 33. b3 Rd2 34. Ra4 Rxd5 35. Rxa6 Ke6 36. Kc1 Kf5 37. Ra4 f6 38. Rc4 Ra5 39. a4 d5 40. Rd4 Kg4 41. Kd2 Kf3 42. Kc3 Rc5+ 43. Kd3 Ra5 44. Rb4 Rc5 45. Rb5 Rc6 46. Rxd5 Kxf4 47. b4 Kg4 48. b5 Rc8 49. b6 f5 50. a5 f4 51. b7 Rf8 52. a6 f3 53.
Rb5 Rd8+ 54. Ke3 Re8+ 55. Kf2 Re2+ 56. Kf1 1-0

[Event "*** Titled Tuesday Blitz"]
[Site "Chess.com"]
[Date "2019.11.05"]
[Round "8"]
[White "PawnEatingZombie"]
[Black "CarlssonLudvig"]
[Result "0-1"]
[WhiteElo "2174"]
[BlackElo "2466"]
[TimeControl "180+2"]
[EndTime "14:54:17 PST"]
[Termination "CarlssonLudvig won on time"]

1. d4 e6 2. c4 Bb4+ 3. Nc3 c5 4. dxc5 Bxc3+ 5. bxc3 Qa5 6. Qb3 Na6 7. Be3 Ne7 8.
Nf3 Nc6 9. g3 Nxc5 10. Qc2 b6 11. Bg2 Qa4 12. Qxa4 Nxa4 13. Ne5 Bb7 14. Nxc6 Bxc6 15.
Bxc6 dxc6 16. Kd2 Nb2 17. c5 Nc4+ 18. Kd3 Nxe3 19. fxe3 O-O-O+ 20. Kc2 bxc5 21. Rhf1 f6 22. Rf4 Kc7 23. Ra4 Ra8 24. Rb1 Rhd8 25. e4 e5 26. Ra5 Kd6 27. Rb7 Rd7 28. Rxd7+ Kxd7 29. Rxc5 Kd6 30. Ra5 Kc7 31. Ra4 a5 32. Ra3 a4 33.
c4 c5 34. Rd3 Rb8 35. Rd5 Kc6 36. Rd3 Rb4 37. Kc3 a3 0-1

[Event "*** Titled Tuesday Blitz"]
[Site "Chess.com"]
[Date "2019.11.05"]
[Round "8"]
[White "cherryandmint"]
[Black "sergeikim"]
[Result "1-0"]
[WhiteElo "2816"]
[BlackElo "2542"]
[TimeControl "180+2"]
[EndTime "14:54:22 PST"]
[Termination "cherryandmint won by resignation"]

1. e4 e5 2. Nf3 Nc6 3. Bc4 Bc5 4. O-O Nf6 5. d3 d6 6. c3 a6 7. Bb3 Ba7 8. Re1 O-O 9. h3 Nh5 10.
Nbd2 Qf6 11. Nf1 Nf4 12. Be3 Be6 13. Bc2 Ne7 14. d4 Neg6 15. Ng3 h5 16. Nf5 exd4 17.
N3xd4 d5 18. Qf3 dxe4 19. Bxe4 Bxf5 20. Nxf5 Bxe3 21. fxe3 Ne6 22. Qxh5 Rfd8 23. Rf1 Qg5 24. Qxg5 Nxg5 25. Bxb7 Rab8 26. Bxa6 Rxb2 27. Rf2 Rdd2 28. Rxd2 Rxd2 29. a4 Ne4 30. a5 Ne5 31. Bb7 Nxc3 32. a6 Nb5 33. a7 Nxa7 34. Rxa7 g6 35. Nd4 c5 36. Nf3 Rd1+ 37. Kh2 Nc4 38. e4 Ne3 39. Kg3 c4 40. Bd5 Nxd5 41. exd5 Rxd5 42. Rc7 Kg7 43. Rxc4 f6 44. Rc7+ Kh6 45. Rf7 f5 46. h4 Rd3 47.
Kf4 Rb3 48. Ng5 Rb4+ 49. Kg3 Rb3+ 50. Nf3 Ra3 51. Kh3 Rb3 52. Rc7 Ra3 53. Kh2 Ra4 54. g3 1-0

[Event "*** Titled Tuesday Blitz"]
[Site "Chess.com"]
[Date "2019.11.05"]
[Round "8"]
[White "Alliswell998"]
[Black "temus_galaktionov"]
[Result "0-1"]
[WhiteElo "2524"]
[BlackElo "2689"]
[TimeControl "180+2"]
[EndTime "14:54:22 PST"]
[Termination "temus_galaktionov won by checkmate"]

1. e4 c6 2. d4 g6 3. Nc3 Bg7 4. h4 d6 5. h5 Qb6 6. Nf3 Bg4 7. hxg6 hxg6 8. Rxh8 Bxh8 9. d5 Qb4 10. Qd3 Nd7 11. a3 Qa5 12. b4 Qc7 13. Bb2 Ngf6 14. Be2 Rc8 15. O-O-O Bxf3 16. gxf3 cxd5 17. Nxd5 Nxd5 18. Bxh8 Nf4 19. Qd2 Nxe2+ 20. Qxe2 f6 21. Rh1 Qc3 22. Kb1 Qxa3 23. Bxf6 exf6 24. Rh8+ Nf8 25. Qb5+ Rc6 26. Qxb7 Qc3 27. Qb8+ Kd7 28. Qxa7+ Rc7 29. Qa4+ Ke7 30. Rg8 Kf7 31. Qa2+ Rc4 32. Rh8 Kg7 33. Rh1 Rxb4+ 34.
Kc1 Rb7 35. Rd1 Nd7 36. Rxd6 Nc5 37. Rd5 Nb3+ 38. Kd1 Qxf3+ 39. Ke1 Qxe4+ 40. Kf1 Qxd5 41. cxb3 Qxb3 42. Qa8 Rd7 43. Kg2 Qd5+ 44. Kg3 Qxa8 45. f4 Rd3+ 46. Kh4 Qh1+ 47. Kg4 f5+ 48. Kg5 Rg3# 0-1

[Event "*** Titled Tuesday Blitz"]
[Site "Chess.com"]
[Date "2019.11.05"]
[Round "8"]
[White "Cruel_Yaro"]
[Black "Guenplen"]
[Result "0-1"]
[WhiteElo "2868"]
[BlackElo "2967"]
[TimeControl "180+2"]
[EndTime "14:54:26 PST"]
[Termination "Guenplen won by resignation"]

1. e4 c5 2. Nf3 e6 3. d4 cxd4 4.
Nxd4 Nc6 5. g3 a6 6. Bg2 Nxd4 7. Qxd4 b5 8. O-O Bb7 9. c4 bxc4 10. Qxc4 Ne7 11.
Nc3 Ng6 12. Be3 Be7 13. f4 O-O 14. h4 Qc8 15. Qe2 Bc5 16. h5 Ne7 17. h6 gxh6 18.
Rad1 f5 19. Kh2 Bxe3 20. Qxe3 Bc6 21. e5 Rb8 22. Rf2 Qe8 23. Bxc6 Nxc6 24. Rfd2 Rf7 25.
Na4 Nb4 26. Nb6 Rb7 27. a3 Nc6 28. Qc5 Rg7 29. b4 Qh5+ 30. Kg2 Qg4 31. Rd3 Qe2+ 32.
Kh3 Qh5+ 33. Kg2 Qe2+ 34. Kh3 Qg4+ 35. Kg2 Qxf4 36. Nxd7 Rbxd7 37. Qxc6 Rde7 38. Rd8+ Kf7 39. R8d7 Rxg3+ 0-1

[Event "*** Titled Tuesday Blitz"]
[Site "Chess.com"]
[Date "2019.11.05"]
[Round "8"]
[White "IMAghasiyevKamal"]
[Black "Squirlolz"]
[Result "1-0"]
[WhiteElo "2436"]
[BlackElo "2503"]
[TimeControl "180+2"]
[EndTime "14:54:29 PST"]
[Termination "IMAghasiyevKamal won by resignation"]

1. d4 Nf6 2. c4 e6 3. g3 c5 4. d5 exd5 5. cxd5 d6 6. Bg2 g6 7.
Nf3 Bg7 8. O-O O-O 9. Nc3 Nbd7 10. Bf4 Qe7 11. Nd2 Nh5 12. Be3 Ne5 13. Nde4 Bd7 14. Qb3 Rab8 15. Nxd6 Qxd6 16. Ne4 Qa6 17. Nxc5 Qxe2 18.
Rfe1 Qb5 19. Nxd7 Qxb3 20. axb3 Nxd7 21. Rxa7 Bxb2 22. d6 Be5 23. Rd1 Nhf6 24. Bxb7 Rfd8 25. h3 Nf8 26. Bc5 Rd7 27. Bc6 Rxa7 28. Bxa7 Rd8 29. Bc5 Ne6 30. b4 Nxc5 31. bxc5 Nd7 32. Rd5 f6 33. f4 Bc3 34. Bxd7 Bb4 35. c6 Kf7 36. c7 Rxd7 37. c8=Q Rxd6 38. Qc7+ 1-0

[Event "*** Titled Tuesday Blitz"]
[Site "Chess.com"]
[Date "2019.11.05"]
[Round "8"]
[White "olksuna"]
[Black "WeAintSurePal"]
[Result "1-0"]
[WhiteElo "2608"]
[BlackElo "2469"]
[TimeControl "180+2"]
[EndTime "14:54:30 PST"]
[Termination "olksuna won by checkmate"]

1. e4 c6 2. d4 d5 3. exd5 cxd5 4. c4 Nf6 5. Nc3 Nc6 6. h3 e6 7. Nf3 Be7 8. Bd3 O-O 9. O-O dxc4 10. Bxc4 a6 11. Re1 Nb4 12. a3 b5 13. Bb3 Nbd5 14.
Ne5 Bb7 15. Bg5 Nxc3 16. bxc3 Nd5 17. Bd2 Rc8 18. Qf3 Ba8 19. Qd3 Bf6 20. Ng4 Be7 21. Bc2 f5 22. Rxe6 Bg5 23. Ne5 Bxd2 24. Qxd2 Nxc3 25. Bb3 Kh8 26. Rc1 Ne4 27. Rxc8 Qxc8 28. Qf4 Nc3 29. Qh4 Ne2+ 30. Kh2 Qb8 31. f4 Nxd4 32. Ng6+ Kg8 33. Rb6+ Nxb3 34. Rxb8 Rxb8 35. Ne7+ Kf7 36. Nxf5 Re8 37. Qxh7 Re2 38. Qxg7+ Ke8 39.
Qg8+ Kd7 40. Qxa8 Nd2 41. Qd5+ Kc8 42. Qc6+ Kb8 43. Nd6 Nf1+ 44. Kg1 Re1 45. Qb7# 1-0

[Event "*** Titled Tuesday Blitz"]
[Site "Chess.com"]
[Date "2019.11.05"]
[Round "8"]
[White "Heineccius"]
[Black "GasconJR"]
[Result "1-0"]
[WhiteElo "2598"]
[BlackElo "2466"]
[TimeControl "180+2"]
[EndTime "14:54:30 PST"]
[Termination "Heineccius won by resignation"]

1. d4 Nf6 2. c4 b6 3. Nc3 Bb7 4. Qc2 d5 5. Nf3 dxc4 6. e4 e6 7. Bxc4 Bb4 8. Qa4+ Nc6 9. Bb5 Bxc3+ 10. bxc3 Qd7 11.
Ne5 Nxe5 12. Bxd7+ Nexd7 13. f3 a6 14. Ba3 b5 15.
Qb4 c5 16. dxc5 Ne5 17. Rd1 Bc6 18. Qa5 Rc8 19. Bc1 O-O 20. Bf4 Nc4 21. Qxa6 e5 22.
Bg5 Nd7 23. Qa7 Ra8 24. Qc7 Rfc8 25. Rxd7 Rxc7 26. Rxc7 Be8 27. O-O f6 28. Bh4 Ra6 29. Rd1 Rc6 30. Rxc6 Bxc6 31. Rd8+ Kf7 32. Rc8 Bd7 33. Rc7 Ke6 34. c6 Be8 35. Bf2 Kd6 36. Rxg7 Bxc6 37. Rxh7 Nb2 38. Ra7 Nd1 39. Be1 Ne3 40.
h4 Nc2 41. Bf2 1-0

[Event "*** Titled Tuesday Blitz"]
[Site "Chess.com"]
[Date "2019.11.05"]
[Round "8"]
[White "CzechmVIII"]
[Black "Walter_White_Poland"]
[Result "0-1"]
[WhiteElo "2113"]
[BlackElo "2318"]
[TimeControl "180+2"]
[EndTime "14:54:30 PST"]
[Termination "Walter_White_Poland won by resignation"]

1. e4 e5 2. Nf3 Nc6 3. Bb5 a6 4. Ba4 Nf6 5. O-O b5 6. Bb3 Be7 7. d4 d6 8. c3 Bg4 9. h3 Bxf3 10. Qxf3 exd4 11. Qg3 O-O 12. Bh6 Ne8 13. Bd5 Bh4 14. Qh2 dxc3 15. Nxc3 b4 16. Bxc6 bxc3 17. bxc3 gxh6 18.
Bxa8 Qxa8 19. Qf4 Bg5 20. Qg3 Kh8 21. Rfe1 Bf6 22. Qf3 Qc6 23. Rac1 Qc5 24. Red1 c6 25.
g3 Be5 26. Kg2 Ng7 27. Qe2 f5 28. exf5 Nxf5 29. Rd3 Bg7 30. Rf3 d5 31. Kh2 Nd6 32.
Rxf8+ Bxf8 33. Qe6 Qxf2+ 34. Kh1 Qf3+ 35. Kh2 Qf2+ 36.
Kh1 Qf7 37. Qe2 Ne4 38. Rf1 Nxg3+ 39. Kg2 Nxf1 40. Qxf1 Qxf1+ 41. Kxf1 Kg8 42. Ke2 Kf7 0-1

[Event "*** Titled Tuesday Blitz"]
[Site "Chess.com"]
[Date "2019.11.05"]
[Round "8"]
[White "yjjga"]
[Black "mortngabriel"]
[Result "0-1"]
[WhiteElo "2021"]
[BlackElo "2250"]
[TimeControl "180+2"]
[EndTime "14:54:32 PST"]
[Termination "mortngabriel won on time"]

1. d4 c5 2. Nf3 cxd4 3. Nxd4 e5 4. Nf3 Nf6 5. Nxe5 Qa5+ 6. Bd2 Qxe5 7. Bc3 Qe6 8. g3 Nc6 9. Bg2 Bb4 10. O-O Bxc3 11. Nxc3 O-O 12. e4 d6 13. f4 Rd8 14. Qe1 b6 15.
Rd1 Bb7 16. h3 Rac8 17. g4 Nb4 18. g5 Ne8 19. Qf2 Nxa2 20. f5 Qc4 21. Rd4 Qc5 22. Nxa2 Qxc2 23. Rd2 Qc5 24. Nc3 Qxf2+ 25. Kxf2 Kf8 26.
Rfd1 Ke7 27. h4 h6 28. Bf3 hxg5 29. hxg5 f6 30. g6 Nc7 31. Rh1 Rh8 32. Rdd1 Bc6 33.
Ke3 Nb5 34. Nxb5 Bxb5 35. Rxh8 Rxh8 36. Rc1 Kd7 37. Kd4 Rh3 38. Bg4 Rg3 0-1

[Event "*** Titled Tuesday Blitz"]
[Site "Chess.com"]
[Date "2019.11.05"]
[Round "8"]
[White "joshdaruca"]
[Black "joppie2"]
[Result "1-0"]
[WhiteElo "2706"]
[BlackElo "2870"]
[TimeControl "180+2"]
[EndTime "14:54:38 PST"]
[Termination "joshdaruca won by resignation"]

1. e4 c5 2. Nf3 d6 3. d4 cxd4 4. Qxd4 Nf6 5. h3 a6 6. Nc3 g6 7. Be2 Bg7 8. O-O O-O 9. Qe3 Nbd7 10. Rd1 Qc7 11. Bd2 b5 12. Rac1 Bb7 13. a3 Nc5 14. Ng5 h6 15. b4 hxg5 16. bxc5 Qxc5 17.
Qxc5 dxc5 18. Bf3 Nh7 19. Rb1 Rfd8 20. Na4 Rac8 21. c4 bxa4 22. Rxb7 Rd3 23. Be3 Rxa3 24. Rxe7 Rxe3 25. fxe3 a3 26. e5 Kf8 27. Ra7 Bxe5 28.
Rxa6 Bb2 29. Ra7 Nf6 30. Kf2 Re8 31. Rd6 Kg7 32. Rc6 Bc1 33. Rcc7 Bxe3+ 34. Kf1 Rf8 35. Rxa3 Bd4 36. Raa7 Nh7 37. Bd5 g4 38. Rxf7+ Rxf7+ 39. Rxf7+ Kh6 40. hxg4 Nf6 41. Bf3 Kg5 42. Re7 Kf4 43.
Ke2 g5 44. Kd3 Kg3 45. Rg7 Kf4 46. Rf7 Kg3 47. Ke2 Kf4 48. Rf8 Kg3 49. Rh8 Kf4 50. Rh3 Nd7 51. g3+ Ke5 52. Kd3 Kf6 53. Ke4 Kg6 54.
Kd5 Nf6+ 55. Ke6 Kg7 56. Kf5 Be3 57. Rh1 Ne8 58. Rd1 Bd4 59. Kxg5 Nd6 60. Bd5 Be3+ 61. Kh4 Kh6 62. Re1 Bg5+ 63. Kh3 Kg7 64. Re6 Nf7 65.
Rc6 Ne5 66. Rxc5 Nd3 67. Rc7+ Kf6 68. Kg2 Ne1+ 69. Kh3 Nd3 70. Rf7+ Kg6 71. Rf5 Kh6 72. Be4 Nb2 73. c5 Nc4 74. c6 Nd6 75. c7 1-0

[Event "*** Titled Tuesday Blitz"]
[Site "Chess.com"]
[Date "2019.11.05"]
[Round "8"]
[White "newauto"]
[Black "NoGalloNoParty"]
[Result "1-0"]
[WhiteElo "1931"]
[BlackElo "2283"]
[TimeControl "180+2"]
[EndTime "14:54:38 PST"]
[Termination "newauto won on time"]

1. e4 c5 2. Nf3 d6 3. Bb5+ Nd7 4. O-O Nf6 5. Re1 a6 6. Bf1 e6 7. c3 b5 8. d4 Bb7 9. Nbd2 Be7 10. a4 Qb6 11.
axb5 axb5 12. Rxa8+ Bxa8 13. e5 Nd5 14. exd6 Bxd6 15. Ne4 Be7 16. Nxc5 Nxc5 17. dxc5 Bxc5 18. Qc2 O-O 19. Ng5 g6 20. Ne4 Be7 21. Bh6 Rc8 22. Qb3 b4 23. c4 Nf6 24. Nxf6+ Bxf6 25. Be3 Qb7 26. Rc1 Be7 27. c5 h5 28. h3 Rb8 29.
c6 Qc7 30. Qc4 Rc8 31. Qa6 Bxc6 32. Bh6 Qb7 33. Qd3 Bf6 34. Qe3 Bd5 35. Kh2 Qb8+ 36. g3 Bxb2 37. Rxc8+ Qxc8 38. Qf4 Bg7 39. Bg5 Qc4 40. Bxc4 Bxc4 41. Qxc4 1-0